 Dungeon Crawl Stone Soup version 0.24.0-13-gcf9b3192b9 (webtiles) character file.

Game seed: 7932094373221571161, levelgen mode: deterministic

88 Katsumi the Changer (level 4, -2/21 HPs)
             Began as a Felid Transmuter on Nov 9, 2019.
             Slain by a hippogriff (6 damage)
             ... on level 4 of the Dungeon.
             The game lasted 00:04:34 (4506 turns).

Katsumi the Changer (Felid Transmuter)              Turns: 4506, Time: 00:04:34

Health: -2/21      AC:  1    Str:  6    XL:     4   Next: 30%
Magic:  17/17      EV: 18    Int: 15    God:
Gold:   194        SH:  0    Dex: 17    Spells: 0/7 levels left
                                        Lives:  0   Deaths: 1

rFire    . . .     SeeInvis +     - Unarmed
rCold    + . .     Gourm    .   (shield unavailable)
rNeg     . . .     Faith    .   (armour unavailable)
rPois    .         Spirit   .   (helmet unavailable)
rElec    .         Reflect  .   (cloak unavailable)
rCorr    .         Harm     .   (gloves unavailable)
MR       .....                  (boots unavailable)
Stlth    ++........             (no amulet)
HPRegen  0.07/turn              l - ring of protection from cold
MPRegen  0.15/turn              i - ring of magical power

@: quick
A: very small, no armour, no weapons or thrown items, stealth, claws 1, fangs 3,
see invisible, carnivore, speed 1, mutation resistance 1, shaggy fur 1, slow
metabolism 1, sharp paws
a: no special abilities


You were on level 4 of the Dungeon.
You were not hungry.

You visited 1 branch of the dungeon, and saw 4 of its levels.

You collected 194 gold pieces.

Inventory:

Missiles
 a - 64 arrows
Jewellery
 i - a ring of magical power (right paw)
 l - a ring of protection from cold (left paw)
 q - an uncursed ring of wizardry {unknown}
Wands
 f - a wand of flame (13)
Scrolls
 d - a scroll of noise {unknown}
 j - 2 scrolls of blinking {unknown}
 k - 2 scrolls of fear {unknown}
 m - 4 scrolls of teleportation
 p - a scroll of remove curse
 r - 2 scrolls of identify {unknown}
 s - a scroll of immolation {unknown}
Potions
 t - a potion of mutation
Comestibles
 c - 5 rations


   Skills:
 - Level 3.0 Fighting
 - Level 2.6 Dodging
 - Level 3.0 Unarmed Combat
 - Level 2.0 Spellcasting
 + Level 5.2 Transmutations


You couldn't memorise any spells.
You knew the following spells:

 Your Spells              Type           Power        Failure   Level  Hunger
a - Beastly Appendage     Tmut           ###...       2%          1    #......
b - Sticks to Snakes      Tmut           ###.....     4%          2    ###....
c - Blade Hands           Tmut           ###.......   58%         5    ######.

Your spell library contained the following spells:

 Spells                   Type           Power        Failure   Level  Hunger
 Spider Form              Tmut/Pois      #.........   22%         3    ###....
 Ice Form                 Ice/Tmut       #.......     58%         4    #####..


Dungeon Overview and Level Annotations

Branches:
Dungeon (4/15)
 Temple: D:4-7

Altars:


Innate Abilities, Weirdness & Mutations

You cannot wear armour.
You are incapable of wielding weapons or throwing items.
Your paws allow you to move quietly. (Stealth)
You have sharp claws.
You have razor-sharp teeth.
You have supernaturally acute eyesight. (SInv)
You are carnivorous and can eat meat at any time.
You cover ground quickly.
You are covered in fur. (AC +1)
You have a slow metabolism.
Your sharp claws are effective at attacking unaware monsters.
You are somewhat resistant to further mutation.


Message History

You are now level 4!
You rejoin the land of the living...
Unknown command.
You swap places.
Your ball python barely misses the hippogriff.
The hippogriff bites your ball python!
Your ball python dies!
The hippogriff is too close now for your liking.
A hippogriff is nearby!
A hippogriff is nearby!
The hippogriff bites your adder! The hippogriff misses your adder.
The hippogriff claws your adder.
Your adder dies!
The hippogriff bites you!
Ouch! That really hurt!
The hippogriff pecks you.
* * * LOW HITPOINT WARNING * * *
The hippogriff misses you. The hound closely misses you.
The hippogriff bites you.
You die...

#...$.. ....#
#.$.# #.# ##.#
#..######.
#####.........
#......h.#####
#.....@H.#
#......#.####
#......#....##
#......####†.#
#......# ##<#
#......# #.#
#......# #.#
######## #..
##.


You could see a hippogriff and a hound.

Vanquished Creatures
  Jessica (D:3)
  Ijyb (D:3)
  Terence (D:2)
  A gnoll (D:1)
  3 adders (D:3)
  A river rat (D:3)
  A worm (D:3)
  2 dart slugs
  2 leopard geckos (D:3)
  A ball python (D:1)
  9 bats
  6 giant cockroaches
  6 goblins
  4 hobgoblins
  4 jackals (D:1)
  7 kobolds
  A quokka (D:2)
  5 frilled lizards
  A quokka skeleton (D:4)
  2 rats (D:2)
59 creatures vanquished.

Vanquished Creatures (collateral kills)
  A quokka (D:3)
  A ball python (D:3)
2 creatures vanquished.

Grand Total: 61 creatures vanquished

Notes
Turn   | Place    | Note
-------+----------+-------------------------------------------
     0 | D:1      | Katsumi the Felid Transmuter began the quest for the Orb.
     0 | D:1      | Reached XP level 1. HP: 9/9 MP: 4/4
   121 | D:1      | Reached XP level 2. HP: 13/13 MP: 3/6
   126 | D:1      | Learned a level 2 spell: Sticks to Snakes
   942 | D:1      | Reached XP level 3. HP: 14/17 MP: 5/7
  1557 | D:2      | Reached skill level 3 in Transmutations
  1647 | D:2      | Noticed Terence
  1669 | D:2      | Killed Terence
  1669 | D:2      | Reached XP level 4. HP: 10/21 MP: 8/8
  2435 | D:3      | Noticed Jessica
  2444 | D:3      | Killed Jessica
  2444 | D:3      | Reached skill level 4 in Transmutations
  2686 | D:3      | Noticed Ijyb
  2693 | D:3      | Gained mutation: You are somewhat resistant to further
                  | mutation. [potion of mutation]
  2712 | D:3      | Killed Ijyb
  3166 | D:3      | Reached XP level 5. HP: 24/24 MP: 9/9
  3184 | D:3      | Reached skill level 5 in Transmutations
  3295 | D:3      | Learned a level 5 spell: Blade Hands
  4473 | D:4      | Noticed a hippogriff
  4489 | D:4      | HP: 1/24 [hippogriff (4)]
  4496 | D:4      | Slain by a hippogriff
  4497 | D:4      | Reached XP level 4. HP: -3/21 MP: 17/17
  4506 | D:4      | Slain by a hippogriff

Levels and vault maps discovered:
D:1:      dpeg_arrival_boxes_within_box, layout_basic
D:2:      layout_loops_ring, uniq_terence
D:3:      layout_basic, gup_sewer_entry_bowl, uniq_ijyb, uniq_jessica
D:4:      layout_rooms, nicolae_overflow_hidden_temple, first_ration,
          uniq_menkaure

Skill      XL: |  1  2  3  4  5 |
---------------+----------------+-----
Fighting       | 2 3 |  3.0
Transmutations | 3 4 5 |  5.2
Dodging        | |  2.6
Unarmed Combat | |  3.0
Spellcasting   | |  2.0

Action                   |  1- 3 |  4- 6 || total
-------------------------+-------+-------++-------
Melee: Unarmed           |   110 |    79 ||   189
       Headbutt          |    15 |    10 ||    25
       Bite              |     6 |     6 ||    12
       Punch             |     1 |     2 ||     3
 Cast: Beastly Appendage |    26 |    22 ||    48
       Sticks to Snakes  |     2 |    14 ||    16
       Blade Hands       |       |     1 ||     1
  Use: Scroll            |     2 |       ||     2
       Potion            |       |     7 ||     7
 Stab: Sleeping          |     1 |       ||     1
       Distracted        |       |     1 ||     1
  Eat: Chunk             |     9 |     5 ||    14
Armor: Skin              |     6 |     7 ||    13
Dodge: Dodged            |    93 |    72 ||   165
